 Dungeon Crawl Stone Soup version 0.28.0-45-g0d030f2227 (webtiles) character file.

Game seed: 754986283201174869

25 McKennaii the Skirmisher (level 2, 24/24 HPs)
             Began as a Demonspawn Fighter on Apr 7, 2022.
             Quit the game on level 1 of the Dungeon.
             The game lasted 00:00:34 (600 turns).

McKennaii the Skirmisher (Demonspawn Fighter)        Turns: 600, Time: 00:00:35

Health: 24/24      AC:  6    Str: 16    XL:     2   Next: 82%
Magic:  2/2        EV:  8    Int:  9    God:
Gold:   29         SH:  4    Dex: 12    Spells: 1/1 levels left

rFire   . . .      SeeInvis .   a - +0 trident
rCold   . . .      Faith    .   c - +0 buckler
rNeg    . . .      Spirit   .   b - +0 scale mail
rPois   .          Reflect  .   (no helmet)
rElec   .          Harm     .   (no cloak)
rCorr   .          Rampage  .   (no gloves)
Will    .....                   (no boots)
Stlth   ..........              (no amulet)
HPRegen 0.08/turn               (no ring)
MPRegen 0.08/turn               (no ring)

@: no status effects
A: demonic guardian 1
a: no special abilities


You were on level 1 of the Dungeon.
You visited 1 branch of the dungeon, and saw 1 of its levels.

You collected 29 gold pieces.

Inventory:

Hand Weapons
 a - a +0 trident (weapon)
Armour
 b - a +0 scale mail (worn)
 c - a +0 buckler (worn)
Scrolls
 g - a scroll of magic mapping {unknown}
 h - a scroll of enchant armour {unknown}
Potions
 d - a potion of might
 e - a potion of invisibility {unknown}
 f - a potion of curing {unknown}


   Skills:
 + Level 3.2 Fighting
 + Level 2.1 Polearms
 + Level 3.0 Armour
 + Level 3.0 Shields


You had one spell level left.
You didn't know any spells.
Your spell library was empty.

Dungeon Overview and Level Annotations

Branches:
Dungeon (1/15)

Altars:


Innate Abilities, Weirdness & Mutations

A weak demonic guardian rushes to your aid.


Message History

The hobgoblin hits you but does no damage. x3
There are monsters nearby!
You closely miss the hobgoblin. The hobgoblin hits you.
The hobgoblin hits you but does no damage.
There are monsters nearby!
You hit the hobgoblin.
The hobgoblin is almost dead.
The hobgoblin hits you but does no damage.
The hobgoblin hits you.
There are monsters nearby!
There are monsters nearby!
You closely miss the hobgoblin.
The hobgoblin is almost dead.
The hobgoblin hits you.
A demonic guardian appears!
You block the hobgoblin's attack.
There are monsters nearby!
You hit the hobgoblin but do no damage.
The hobgoblin is almost dead.
The hobgoblin hits you but does no damage.
You block the hobgoblin's attack. The hobgoblin hits you.
The hobgoblin barely misses you.
There are monsters nearby!
You puncture the hobgoblin!
You kill the hobgoblin!
The hobgoblin hits you but does no damage.
A hobgoblin is nearby!
You hit the hobgoblin.
You kill the hobgoblin!
Your shadow imp disappears in a puff of smoke!
Key pressed, stopping explore.
No target in view!
Key pressed, stopping explore.
No target in view!
You see here a hobgoblin corpse.
You now have 29 gold pieces (gained 11).
Found a stone staircase leading down.
There is a stone staircase leading down here.
You see here a +0 dagger.
h - a scroll labelled ZUABRY ILIFI Are you sure you want to abandon this character and quit the game? (Confirm with "yes".)

##### ### #..@#
....#...#
##.....######
###.......##..###
##.....≈≈≈≈.......#
##..#..≈≈≈≈≈≈....#.#
#......≈≈≈≈≈≈...#..#
###....#..≈≈≈≈≈.#.#.##
.......##.≈≈≈≈....#.#


There were no monsters in sight!

Vanquished Creatures
  An endoplasm (D:1)
  A goblin (D:1)
  5 hobgoblins (D:1)
  2 kobolds (D:1)
  A quokka (D:1)
  2 ball pythons (D:1)
  2 bats (D:1)
  6 frilled lizards (D:1)
  5 rats (D:1)
25 creatures vanquished.

Notes
Turn   | Place    | Note
-------+----------+-------------------------------------------
     0 | D:1      | McKennaii the Demonspawn Fighter began the quest for the
                  | Orb.
     0 | D:1      | Reached XP level 1. HP: 18/18 MP: 1/1
   105 | D:1      | Gained mutation: A weak demonic guardian rushes to your
                  | aid. [demonic ancestry]
   105 | D:1      | Reached XP level 2. HP: 22/24 MP: 2/2
   600 | D:1      | Quit the game

Illustrated notes

Levels and vault maps discovered:
D:1:      nzn_arrival_water_spiral, layout_rooms, minmay_lizard_pond

Skill      XL: |  1  2 |
---------------+-------+-----
Polearms       | 2 |  2.1
Armour         | 3 |  3.0
Shields        | 3 |  3.0
Fighting       | |  3.2

Action                   || total
-------------------------++-------
Melee: Trident           ||    70
Armor: Scale mail        ||    46
Dodge: Dodged            ||    29
Block: Buckler           ||    13
